 Dungeon Crawl Stone Soup version 0.21.1-1-g345015fe64 (webtiles) character file.

5 Hercules1031 the Protected (level 1, 20/20 HPs)
             Began as a Gnoll Wanderer on June 22, 2018.
             Got out of the dungeon alive.
             The game lasted 00:01:44 (182 turns).

Hercules1031 the Protected (Gnoll Wanderer)          Turns: 182, Time: 00:01:44

Health: 20/20      AC:  6    Str: 16    XL:     1   Next: 80%
Magic:  1/1        EV: 11    Int: 14    God:
Gold:   13         SH:  0    Dex: 12    Spells: 0/0 levels left

rFire    . . .     SeeInvis .   a - +2 hand axe
rCold    . . .     Gourm    .   (no shield)
rNeg     . . .     Faith    .   b - +0 ring mail
rPois    .         Spirit   .   (helmet restricted)
rElec    .         Reflect  .   (no cloak)
rCorr    .         Harm     .   (no gloves)
MR       .....                  (no boots)
Stlth    +.........             (no amulet)
HPRegen  0.06/turn              (no ring)
MPRegen  0.07/turn              (no ring)

@: hasted (expiring), very quick
A: distributed training, antennae 1, fangs 1, deterioration 1, wild magic 1,
strong nose
a: no special abilities


You escaped.
You were not hungry.

You visited 1 branch of the dungeon, and saw 1 of its levels.

You collected 13 gold pieces.

Inventory:

Hand Weapons
 a - a +2 hand axe (weapon)
Armour
 b - a +0 ring mail (worn)
Scrolls
 e - a scroll of teleportation {unknown}
Potions
 c - a potion of curing
Comestibles
 d - 2 rations


   Skills:
 + Level 4.4 Fighting
 + Level 0.1 Short Blades
 + Level 0.1 Long Blades
 + Level 2.4 Axes
 + Level 0.1 Maces & Flails
 + Level 0.1 Polearms
 + Level 0.1 Staves
 + Level 0.1 Slings
 + Level 0.1 Bows
 + Level 0.1 Crossbows
 + Level 2.4 Throwing
 + Level 8.4 Armour
 + Level 2.4 Dodging
 + Level 2.2 Stealth
 + Level 0.1 Shields
 + Level 0.1 Unarmed Combat
 + Level 0.1 Spellcasting
 + Level 0.1 Conjurations
 + Level 0.1 Hexes
 + Level 0.1 Charms
 + Level 0.1 Summonings
 + Level 0.1 Necromancy
 + Level 0.1 Translocations
 + Level 0.1 Transmutations
 + Level 0.1 Fire Magic
 + Level 0.1 Ice Magic
 + Level 0.1 Air Magic
 + Level 0.1 Earth Magic
 + Level 0.1 Poison Magic
 + Level 0.2 Invocations
 + Level 0.1 Evocations


You couldn't memorise any spells.
You didn't know any spells.

Dungeon Overview and Level Annotations

Branches:
Dungeon (1/15)

Altars:


Innate Abilities, Weirdness & Mutations

Your experience applies equally to all skills.
You have very sharp teeth.
Your uncanny sense of smell can sniff out nearby items.
You have a pair of small antennae on your head.
Your body sometimes deteriorates upon taking damage.
Your spells are a little harder to cast, but a little more powerful.


Message History

The bat barely misses you. The bat hits you but does no damage.
You slash the bat!
You kill the bat!
Found a ration.
f - a sedimented silvery potion
g - a sedimented yellow potion
d - 2 rations (gained 1) It was a potion of haste.
You feel yourself speed up.
It was a potion of mutation.
You feel extremely strange. A pair of antennae grows on your head!
You feel yourself wasting away.
You feel less in control of your magic.
A goblin comes into view. It is wielding a club.
The goblin shouts!
You see here a short sword.
There is an open door here.
Your extra speed is starting to run out.
There is a staircase leading out of the dungeon here.
Are you sure you want to leave the Dungeon?
This will make you lose the game!
You have escaped!

#..#(###...###.#
#..#.#..g....#.#
#.#.⌠.#.⌠.#.#
#...).#.....#
#..†.###....#
####..#..####
#..'.g...'..#
#..###'###..# ∆
#..#.....#.@#
#############


There were no monsters in sight!

Vanquished Creatures
  A bat (D:1)
  A goblin (D:1)
  A hobgoblin (D:1)
  A frilled lizard (D:1)
  A kobold (D:1)
5 creatures vanquished.

Notes
Turn   | Place    | Note
-------+----------+-------------------------------------------
     0 | D:1      | Hercules1031 the Gnoll Wanderer began the quest for the Orb.
     0 | D:1      | Hercules1031 set off with: a +2 hand axe, a +0 ring mail, a potion of curing, a ration
     0 | D:1      | Reached XP level 1. HP: 20/20 MP: 1/1
   129 | D:1      | Gained mutation: You have a pair of small antennae on your head. [potion of mutation]
   129 | D:1      | Gained mutation: Your body sometimes deteriorates upon taking damage. [potion of mutation]
   129 | D:1      | Gained mutation: Your spells are a little harder to cast, but a little more powerful. [potion of mutation]
   182 | D:$      | Got out of the dungeon alive.

Action                   || total
-------------------------++-------
Melee: Hand axe          ||    14
       Bite              ||     1
  Use: Potion            ||     2
 Stab: Sleeping          ||     1
Armor: Ring mail         ||    11
Dodge: Dodged            ||    13
